 Dungeon Crawl Stone Soup version 0.29.1-12-g30fa7ad0bf (webtiles) character file.

Game seed: 1925771640793074286

46 hawla the Chiller (level 4, -1/33 HPs)
             Began as a Meteoran Ice Elementalist on Dec 26, 2022.
             Slain by Sigmund
             ... wielding a +3 scythe of pain
              (13 damage)
             ... on level 2 of the Dungeon.
             The game lasted 00:02:59 (462 turns).

hawla the Chiller (Meteoran Ice Elementalist)        Turns: 462, Time: 00:02:59

Health: -1/33      AC:  3    Str:  9    XL:     4   Next: 15%
Magic:  0/10       EV: 13    Int: 18    God:
Gold:   53         SH:  0    Dex: 15    Spells: 2/10 levels left

rFire   . . .      SeeInvis .   (no weapon)
rCold   . . .      Faith    .   (no shield)
rNeg    . . .      Spirit   .   a - +0 robe
rPois   .          Reflect  .   (no helmet)
rElec   .          Harm     .   (no cloak)
rCorr   .          Rampage  .   d - +0 pair of gloves
Will    .....                   (no boots)
Stlth   +.........              c - amulet of regeneration
HPRegen 0.91/turn               (no ring)
MPRegen 0.12/turn               (no ring)

@: glowing
A: sense surroundings 1, otherworldly, glowing, explore regen
a: no special abilities


You were on level 2 of the Dungeon.
You visited 1 branch of the dungeon, and saw 3 of its levels.

You collected 53 gold pieces.

Inventory:

Armour
 a - a +0 robe (worn)
 d - a +0 pair of gloves (worn)
Jewellery
 c - an amulet of regeneration (around neck)
Scrolls
 f - a scroll of identify {unknown}
Potions
 b - a potion of magic
 e - a potion of curing {unknown}


   Skills:
 - Level 0.2 Fighting
 - Level 2.9 Dodging
 - Level 1.4 Stealth
 - Level 3.9 Spellcasting
 + Level 0.4 Conjurations
 - Level 4.8 Ice Magic


You had 2 spell levels left.
You knew the following spells:

 Your Spells              Type           Power      Damage    Failure   Level
a - Freeze                Ice            80%        1d9       1%          1
b - Frozen Ramparts       Ice            40%        1d7       6%          3
c - Hailstorm             Conj/Ice       13%        3d5       45%         4

Your spell library contained the following spells:

 Spells                   Type           Power      Damage    Failure   Level
 Ozocubu's Armour         Ice            20%        N/A       6%          3


Dungeon Overview and Level Annotations

Branches:
Dungeon (3/15) Zot: 1336

Altars:

Annotations:
D:2 Robin, Sigmund


Innate Abilities, Weirdness & Mutations

You passively map a small area around you.
You are easily found by Zot.
You glow in the dark.
You regain HP and MP as you explore.


Message History

Confirm with . or Enter, or press ? or * to list all spells.
Casting: Frozen Ramparts (dangerous; 6% risk of failure)
Press: ? - help, Dir - look around, f - activate The walls around you are covered in ice.
The wall freezes the worm.
The worm bites you but does no damage.
The wall freezes the worm but does no damage.
The worm completely misses you.
Casting: Frozen Ramparts (dangerous; 6% risk of failure)
Confirm with . or Enter, or press ? or * to list all spells.
Aiming: Freeze (safe; 1% risk of failure)
Press: ? - help, Shift-Dir - straight line, f - worm
Aim: a worm You freeze the worm!
The worm is heavily wounded.
The wall freezes the worm!
The worm closely misses you.
The wall freezes something.
Something hits you!
Casting: Freeze (safe; 1% risk of failure)
Confirm with . or Enter, or press ? or * to list all spells.
Aiming: Freeze (safe; 1% risk of failure)
Press: ? - help, Shift-Dir - straight line, f/p - worm
Aim: a worm (almost dead)
You freeze the worm.
The worm is almost dead.
Unknown command.
Casting: Freeze (safe; 1% risk of failure)
Confirm with . or Enter, or press ? or * to list all spells.
Aiming: Freeze (safe; 1% risk of failure)
Press: ? - help, Shift-Dir - straight line, f/p - worm
Aim: a worm (almost dead)
You freeze the worm.
You kill the worm!
The wall freezes something.
Something hits you!
You writhe in agony.
Casting: Freeze (safe; 1% risk of failure)
Confirm with . or Enter, or press ? or * to list all spells.
The spell is astonishingly dangerous to miscast (45% risk of failure)!
Continue anyway?
Casting: Hailstorm (astonishingly dangerous; 45% risk of failure)
Press: ? - help, Dir - look around, f - activate A cannonade of hail descends around you!
The hail pelts something!
The frozen ramparts melt away.
Something hits you!
You die...

. .# ,, ..................# .##..
, . .............g...# . ..[.# **
..#...##...........#.. #...#
#..................... ....#
#.....##....###.....# ....# #..
#!..))#.........### ..<.# ..,
#.>))(........... ..g.#
,,#.##)##).g.#<...### #....# , ,
#{.@....##......#* #......
,......#.................
.....@..,..... #.................
.#.#.........,...............##..
##.#^....... ##.............. .
#......... , ..........#.####* ,
, ,,. , .......... .# , ,
#........


You could see Robin.

Vanquished Creatures
  A worm (D:2)
  2 dart slugs (D:1)
  2 ball pythons
  4 endoplasms
  11 goblins
  6 hobgoblins
  A quokka (D:2)
  A bat (D:2)
  A frilled lizard (D:1)
  4 kobolds
  3 rats (D:1)
36 creatures vanquished.

Notes
Turn   | Place    | Note
-------+----------+-------------------------------------------
     0 | D:1      | hawla the Meteoran Ice Elementalist began the quest for the
                  | Orb.
     0 | D:1      | Reached XP level 1. HP: 14/14 MP: 5/5
    54 | D:1      | Reached XP level 2. HP: 19/20 MP: 1/6
   128 | D:1      | Found a faded altar of an unknown god.
   212 | D:1      | Reached XP level 3. HP: 25/26 MP: 4/8
   226 | D:2      | Noticed Sigmund
   236 | D:1      | Learned a level 3 spell: Frozen Ramparts
   394 | D:2      | Noticed Robin
   409 | D:2      | Reached XP level 4. HP: 13/33 MP: 1/10
   418 | D:3      | Learned a level 4 spell: Hailstorm
   462 | D:2      | Slain by Sigmund

Illustrated notes

Levels and vault maps discovered:
D:1:      spicycebolla_arrival_xxxplode, layout_loops_ring,
          chequers_ecumenical_altar_simple, minmay_misc_feat_four_crosses
D:2:      layout_rooms, basic_altar, uniq_robin, uniq_sigmund
D:3:      layout_basic, gammafunk_ghost_abyssal_escape, serial_aquarium,
          aquarium_bridge_square [aquarium_subvault_wall,
          aquarium_subvault_bridge, aquarium_subvault_bridge,
          aquarium_subvault_wall], aquarium_bridge_long_joined
          [aquarium_subvault_bridge, aquarium_subvault_wall,
          aquarium_subvault_bridge, aquarium_subvault_balcony,
          aquarium_subvault_bridge, aquarium_subvault_wall], aquarium_window_2,
          aquarium_window_1, aquarium_window_1, aquarium_window_2,
          aquarium_view_4

Skill      XL: |  1  2 |
---------------+-------+-----
Spellcasting   | 3 |  3.9
Fighting       | |  0.2
Dodging        | |  2.9
Stealth        | |  1.4
Conjurations   | |  0.4
Ice Magic      | |  4.8

Action                   |  1- 3 |  4- 6 || total
-------------------------+-------+-------++-------
Melee: Unarmed           |     5 |       ||     5
 Cast: Freeze            |    28 |     5 ||    33
       Frozen Ramparts   |     3 |     1 ||     4
       Hailstorm         |       |     1 ||     1
Armor: Robe              |     6 |     1 ||     7
Dodge: Dodged            |    18 |     4 ||    22
